Map: Void Thrashing

Players

NamroodTuo

  • Race: Terran Terran

Ethanolla

  • Race: Zerg Zerg
  • Spawn Location: 9:00

VOD

Have the link to the VOD?

Description

Time

  • Played on: April 14, 2023, 1:24 p.m.
  • Length: 19:30
Show
View Real Time Build Order
Export as new Build Order

NamroodTuo Terran 

Build Orders:  

Get SALT Encoding   

  12  0:04  SCV  
  13  0:21  SCV  
  14  0:37  SCV  
  15  0:45  Refinery  
  15  0:54  SCV  
  16  1:08  Refinery  
  16  1:11  SCV  
  17  1:28  SCV  
  18  1:30  Engineering Bay  
  18  1:46  Gunslingers Hideout  
  18  1:53  SCV  
  19  2:10  SCV  
  20  2:27  SCV  
  21  2:44  SCV  
  22  2:50  Outlaw Weapons Level 1  
  22  3:01  SCV, Tychus  
  23  3:18  SCV  
  24  3:35  SCV  
  25  3:52  SCV  
  26  4:30  Crooked Sam  
  36  4:50  Outlaw Life and Armor Level 1  
  36  4:54  SCV  
  37  5:11  SCV  
  37  5:14  Muscle Armory  
  38  5:45  Command Center  
  38  6:07  Fixers Safehouse  
  38  6:50  Flashforce GDM Visor  
  38  7:24  Lt Layna Nikara  
  48  8:08  SCV  
  49  8:16  Medivac Platform  
  49  8:20  Outlaw Weapons Level 2  
  49  8:45  Auto-Turret  
  49  9:04  Command Center  
  49  9:13  Auto-Turret  
  49  9:40  Kel-Morian Ripper Rounds  
  49  9:42  Auto-Turret  
  49  9:56  SCV  
  50  10:13  SCV  
  51  10:30  SCV  
  52  10:40  Outlaw Life and Armor Level 2  
  52  10:47  SCV  
  53  11:04  SCV  
  54  11:21  SCV  
  55  11:38  SCV  
  56  11:55  SCV  
  57  12:02  Miles Blaze Lewis  
  67  13:00  Outlaw Weapons Level 3  
  67  13:36  Vanadium Shell, KD9a Implosion Core  
  67  15:40  Outlaw Life and Armor Level 3  
  67  15:51  Nux  
  67  15:56  Procyon Twin Heal Beam Gauntlet  
  77  16:34  Crystalline Amplifiers  
  77  16:45  Refinery  
  77  16:49  Refinery  
Show
View Real Time Build Order
Export as new Build Order

Ethanolla Zerg 

Build Orders:  

Get SALT Encoding   

  12  0:04  Drone  
  13  0:19  Overlord  
  13  0:46  Drone x4  
  13  0:48  Drone  
  18  0:58  Drone  
  19  1:00  Drone  
  19  1:08  Drone  
  21  1:14  Drone  
  22  1:23  Overlord  
  22  1:33  Extractor, Drone  
  22  1:44  Extractor, Drone  
  22  2:20  Drone x2  
  22  2:21  Drone x2  
  22  2:29  Overlord  
  26  2:49  Drone x2  
  28  2:55  Drone  
  28  2:57  Roach Warren  
  28  3:04  Drone  
  29  3:41  Hydriodic Bile  
  29  3:46  Roach x2  
  29  3:47  Roach x2  
  37  3:52  Overlord  
  37  4:02  Unknown  
  37  4:06  Evolution Chamber, Lair  
  36  4:55  Zerg Ground Armor Level 1  
  36  5:01  Overlord x2  
  36  5:02  Overlord  
  36  5:04  Roach  
  36  5:05  Roach  
  40  5:14  Infestation Pit  
  40  5:19  Roach  
  41  5:31  Glial Reconstitution  
  41  5:58  Hive  
  41  6:13  Drone x3  
  41  6:14  Drone  
  41  6:17  Overlord  
  45  6:20  Swarm Host  
  48  6:33  Extractor  
  47  7:01  Hatchery  
  46  7:25  Extractor  
  45  7:35  Zerg Missile Weapons Level 1  
  41  8:29  Drone x4  
  45  8:39  Drone  
  46  8:49  Pressurized Glands  
  46  9:00  Swarm Host  
  46  9:07  Drone  
  46  9:09  Drone x2  
  49  10:19  Deep Tunnel  
  49  10:30  Zerg Missile Weapons Level 2  
  49  10:32  Roach  
  49  10:33  Roach x5  
  49  10:34  Roach x4  
  49  10:36  Swarm Host  
  49  10:37  Swarm Host x2  
  49  10:38  Roach  
  78  10:55  Brutalisk  
  74  11:08  Drone  
  74  11:09  Drone x7  
  82  11:12  Overlord  
  78  13:27  Adaptive Plating  
  78  13:34  Swarm Host x4  
  78  13:36  Roach  
  78  13:37  Overlord x4  
  92  13:40  Zerg Ground Armor Level 2  
  92  13:42  Lair  
  92  13:46  Overlord x3  
  92  13:47  Overlord x3  
  92  13:55  Roach  
  88  14:17  Brutalisk  
  82  16:58  Swarm Host x7  
  82  16:59  Swarm Host x2  
  109  17:03  Roach  
  109  17:04  Roach x8  
  109  17:08  Overseer x2  
  109  17:09  Overseer  
  127  17:10  Overseer x2  
Tags
 
Commander
AbathurTychus
Matchup
Co-op
Replay Pack
Multiplayer
Add a new tag
Caveats
  • Supply blocks, unpowered buildings, or Contaminate may cause inaccurate times.
  • Supply counts are checked every 10 seconds.